 Dungeon Crawl Stone Soup version 0.29-a0-289-g2178c42546 (webtiles) character file.

Game seed: 15672891766833732021

30 Dabor the Skirmisher (level 3, -5/31 HPs)
             Began as a Palentonga Fighter on Mar 17, 2022.
             Was a Follower of Makhleb.
             Slain by a gnoll
             ... wielding a +0 flail
              (10 damage)
             ... on level 2 of the Dungeon.
             The game lasted 00:00:50 (877 turns).

Dabor the Skirmisher (Palentonga Fighter)            Turns: 877, Time: 00:00:51

Health: -5/31      AC:  6    Str: 21    XL:     3   Next: 3%
Magic:  3/3        EV:  4    Int:  8    God:    Makhleb [*.....]
Gold:   36         SH:  0    Dex:  9    Spells: 2/2 levels left

rFire   . . .      SeeInvis +   a - +0 war axe
rCold   . . .      Faith    .   c - +0 buckler
rNeg    . . .      Spirit   .   b - +0 scale mail
rPois   .          Reflect  .   (no helmet)
rElec   .          Harm     .   (no cloak)
rCorr   .          Rampage  .   (no gloves)
Will    .....                   (no barding)
Stlth   ..........              (no amulet)
HPRegen 0.10/turn               (no ring)
MPRegen 0.08/turn               (no ring)

@: held
A: large, rugged brown scales 3, see invisible, deformed body, roll 1, armoured
tail
a: Rolling Charge, Renounce Religion


You were on level 2 of the Dungeon.
You worshipped Makhleb.
Makhleb was aware of your devotion.
You visited 1 branch of the dungeon, and saw 2 of its levels.

You collected 36 gold pieces.

Inventory:

Hand Weapons
 a - a +0 war axe (weapon)
Armour
 b - a +0 scale mail (worn)
 c - a +0 buckler (worn)
Jewellery
 g - a ring of magical power
Scrolls
 e - a scroll of immolation {unknown}
 f - 2 scrolls of teleportation
Potions
 d - 2 potions of might
 h - a potion of curing {unknown}


   Skills:
 + Level 3.3 Fighting
 + Level 2.4 Axes
 + Level 2.7 Armour
 + Level 0.5 Dodging
 - Level 2.5 Shields


You had 2 spell levels left.
You didn't know any spells.
Your spell library was empty.

Dungeon Overview and Level Annotations

Branches:
Dungeon (2/15)

Altars:
Makhleb
Nemelex Xobeh


Innate Abilities, Weirdness & Mutations

You are completely covered in rugged brown scales. (AC +3, +7% HP)
You have supernaturally acute eyesight. (SInv)
Armour fits poorly on your strangely shaped body.
You can roll at nearby foes to attack.
You have a long armoured tail.


Message History

A rat is nearby!
Found 15 gold pieces.
The rat bites you.
A rat is nearby!
You hit the rat.
You kill the rat!
Makhleb accepts your kill.
A gnoll comes into view. It is wielding a +0 club.
A gnoll is nearby!
The gnoll shouts!
A gnoll is nearby!
A gnoll comes into view. It is wielding a +0 flail.
There are monsters nearby!
A gnoll comes into view. It is wielding a +0 halberd.
Found a short sword.
The gnoll shouts!
The gnoll throws a throwing net.
The throwing net hits you.
You become entangled in the net!
You see here a throwing net.
There are monsters nearby!
You are held in a net!
There are monsters nearby!
You are held in a net!
There are monsters nearby!
You struggle against the net.
The gnoll hits you with a +0 club.
You struggle against the net.
You struggle against the net.
A gnoll comes into view. It is wielding a +0 whip.
The gnoll hits you but does no damage.
You struggle against the net.
The gnoll hits you but does no damage. The gnoll completely misses you.
You rip the net and break free!
The gnoll closely misses you.
The gnoll throws a throwing net.
The throwing net hits you.
You become entangled in the net!
The gnoll hits you with a +0 flail.
You struggle against the net.
The gnoll hits you with a +0 flail! The gnoll hits you with a +0 club!
You struggle against the net.
The gnoll hits you with a +0 club.
The gnoll hits you from afar with a +0 halberd.
* * * LOW HITPOINT WARNING * * *
The gnoll hits you with a +0 flail!
You die...

#############
............#
............#
...$gg.@....#
......gg....#
.........†..############
........?...............
............########.###
)...........# #####.###
............# #........
............# #........
...######## #........


You could see 4 gnolls.

Vanquished Creatures
  A gnoll (D:1)
  3 bats (D:1)
  A goblin (D:1)
  2 hobgoblins (D:1)
  3 jackals (D:1)
  2 kobolds (D:1)
  2 quokkas (D:1)
  2 frilled lizards
  2 rats
18 creatures vanquished.

Notes
Turn   | Place    | Note
-------+----------+-------------------------------------------
     0 | D:1      | Dabor the Palentonga Fighter began the quest for the Orb.
     0 | D:1      | Reached XP level 1. HP: 19/19 MP: 1/1
   109 | D:1      | Found a faded altar of an unknown god.
   240 | D:1      | Prayed at the altar of an unknown god.
   240 | D:1      | Became a worshipper of Makhleb the Destroyer
   240 | D:1      | Reached * piety under Makhleb
   314 | D:1      | Reached XP level 2. HP: 24/25 MP: 2/2
   404 | D:1      | Reached XP level 3. HP: 24/31 MP: 3/3
   819 | D:2      | Found a sparkling altar of Nemelex Xobeh.
   877 | D:2      | Slain by a gnoll

Illustrated notes

Levels and vault maps discovered:
D:1:      matt_arrival_refuge, layout_loops_ring, basic_ecumenical_altar
D:2:      layout_basic, basic_altar, serial_rivers,
          chequers_serial_rivers_large_b, chequers_serial_rivers_small_a,
          chequers_serial_rivers_small_a, chequers_serial_rivers_micro_c,
          chequers_serial_rivers_micro_a

Action                   || total
-------------------------++-------
Melee: War axe           ||    45
       Tailslap          ||     4
 Abil: Rolling Charge    ||     2
  Use: Scroll            ||     1
Armor: Scale mail        ||    29
Dodge: Dodged            ||    21
Block: Buckler           ||     9

Table legend: (Time is in decaauts)
 A = Elapsed time spent in this place.
 B = Non-inter-level travel time spent in this place.
 C = Inter-level travel time spent in this place.
 D = Time resting spent in this place.
 E = Time spent auto-exploring this place.
 F = Levels seen in this place.
 G = Mean time per level.
                   A        B        C        D        E       F      G
               +--------+--------+--------+--------+--------+-----+--------+
         Total |    896 |    834 |     62 |      0 |    697 |   2 |  448.0 |
       Dungeon |    896 |    834 |     62 |      0 |    697 |   2 |  448.0 |
               +--------+--------+--------+--------+--------+-----+--------+

Top non-repeatable levels by time:
     D:1: 791 daAuts
     D:2: 104 daAuts
